 Seeded DCSS version 0.32-a0-893-gf85d74f360 (webtiles) character file.

Game seed: 2024040314 (custom seed)

102 Orlauf the Trooper (level 4, 0/37 HPs)
             Began as a Demonspawn Gladiator on Apr 3, 2024.
             Slain by a cerulean imp
             ... wielding a +2 spear
             ... summoned by Natasha
              (1 damage)
             ... on level 2 of the Dungeon.
             The game lasted 00:02:27 (1353 turns).

Orlauf the Trooper (Demonspawn Gladiator)           Turns: 1353, Time: 00:02:27

Health: 0/37       AC: 10    Str: 17    XL:     4   Next: 50%
Magic:  4/4        EV:  7    Int:  8    God:
Gold:   107        SH:  5    Dex: 14    Spells: 3/3 levels left

rFire   . . .        a - +0 quarterstaff
rCold   . . .        (shield currently unavailable)
rNeg    . . .        m - +0 chain mail
rPois   .            c - +0 helmet
rElec   .            (no cloak)
rCorr   .            (no gloves)
SInv    .            f - +0 pair of boots
Will    .....        b - amulet of reflection Stlth
                     (no ring)
HPRegen 0.26/turn    (no ring)
MPRegen 0.09/turn

%: reflection
@: slowed, very slow
A: powered by death 2, weakness stinger 1
a: no special abilities


You were on level 2 of the Dungeon.
You visited 1 branch of the dungeon, and saw 2 of its levels.

You collected 107 gold pieces.

Inventory:

Hand Weapons
 a - a +0 quarterstaff (weapon)
Missiles
 d - 3 throwing nets (quivered)
 e - a javelin
Armour
 c - a +0 helmet (worn)
 f - a +0 pair of boots (worn)
 m - a +0 chain mail (worn)
Jewellery
 b - an amulet of reflection (around neck)
Scrolls
 g - 2 scrolls of revelation
 i - a scroll of immolation {unknown}
 j - a scroll of teleportation {unknown}
 l - a scroll of amnesia {unknown}
Potions
 h - 2 potions of mutation


   Skills:
 * Level 4.1 Fighting
 + Level 3.5 Staves
 - Level 1.7 Throwing
 - Level 2.6 Dodging


You had 3 spell levels left.
You didn't know any spells.
Your spell library was empty.

Dungeon Overview and Level Annotations

Branches:
Dungeon (2/15)

Altars:

Shops:
D:1 (

Annotations:
D:2 Natasha


Innate Abilities, Weirdness & Mutations

You regenerate health from kills.
You have a small tail.


Message History

Natasha claws you.
The cerulean imp hits you but does no damage.
The cerulean imp closely misses you.
You hit Natasha but do no damage.
Natasha is almost dead.
The cerulean imp disappears in a puff of smoke!
Natasha mumbles some strange words.
The cerulean imp hits you from afar with a +0 spear.
The cerulean imp hits you but does no damage.
Unknown command.
You hit Natasha.
Natasha is almost dead.
Natasha barely misses you.
The cerulean imp hits you from afar with a +0 spear.
The cerulean imp hits you with a +2 spear.
The cerulean imp hits you but does no damage.
Natasha barely misses you. You block the cerulean imp's attack.
The cerulean imp barely misses you.
You hit Natasha but do no damage.
Natasha is almost dead.
The cerulean imp hits you from afar with a +1 spear.
Natasha claws you but does no damage.
The cerulean imp hits you but does no damage.
The cerulean imp hits you with a +2 spear.
* * * LOW HITPOINT WARNING * * *
You block the cerulean imp's attack. Natasha claws you.
* * * LOW HITPOINT WARNING * * *
The cerulean imp hits you from afar with a +0 spear.
* * * LOW HITPOINT WARNING * * *
The cerulean imp hits you with a +2 spear.
* * * LOW HITPOINT WARNING * * *
You miss Natasha.
Natasha is almost dead.
The cerulean imp hits you but does no damage.
Natasha mewls in sadness.
Natasha claws you.
* * * LOW HITPOINT WARNING * * *
The cerulean imp barely misses you.
The cerulean imp hits you with a +2 spear.
You die...

#####......# *,,,,,*
...........# *...,,*
######.....#####*####...,,*
#..........##.....##***
#...............>..##
#####.##................#
#...............5.......#
....####.........h......#
#..### #........@.5.....#
.....###.......5........#
......##..........)รท....#
#...#...#..............##
#..>###.##..<..##.....##
#...# #....##..######.#
#...# ####.##.######..#
#...#### #.#..###....##
##### #......#
#......#...## #...#


You could see Natasha and 3 cerulean imps.

Vanquished Creatures
  Natasha (twice) (D:2)
  An adder (D:2)
  2 ribbon worms (D:2)
  3 ball pythons (D:1)
  4 endoplasms
  2 giant cockroaches
  9 goblins
  3 hobgoblins
  2 quokkas
  A bat (D:2)
  4 frilled lizards
  3 kobolds
  4 rats
40 creatures vanquished.

Notes
Turn   | Place    | Note
-------+----------+-------------------------------------------
     0 | D:1      | Orlauf the Demonspawn Gladiator began the quest for the
                  | Orb.
     0 | D:1      | Reached XP level 1. HP: 16/16 MP: 1/1
   221 | D:1      | Gained mutation: You regenerate a little health from kills.
                  | [demonic ancestry]
   221 | D:1      | Reached XP level 2. HP: 23/23 MP: 2/2
   415 | D:1      | Reached skill level 3 in Fighting
   684 | D:1      | Found Voxit's Antique Weapon Emporium.
   751 | D:1      | Gained mutation: You regenerate health from kills. [demonic
                  | ancestry]
   751 | D:1      | Reached XP level 3. HP: 29/29 MP: 3/3
  1067 | D:2      | Noticed Natasha
  1076 | D:2      | Killed Natasha
  1077 | D:2      | Gained mutation: You have a small tail. [demonic ancestry]
  1077 | D:2      | Reached XP level 4. HP: 37/37 MP: 4/4
  1188 | D:2      | Noticed Natasha
  1196 | D:2      | Killed Natasha
  1197 | D:2      | Reached skill level 4 in Fighting
  1337 | D:2      | Noticed Natasha
  1353 | D:2      | HP: 1/37 [Natasha (2)]
  1353 | D:2      | Slain by a cerulean imp

Illustrated notes

Levels and vault maps discovered:
D:1:      tekkud_arrival_beachfront_property, layout_loops_ring, serial_shops,
          nicolae_shop_real_fake_doors
D:2:      layout_rooms, supply_closet_lemuel, uniq_natasha

Skill      XL: |  1  2  3  4 |
---------------+-------------+-----
Staves         | 3 |  3.5
Fighting       | 3 4 |  4.1
Throwing       | |  1.7
Dodging        | |  2.6

Action                     |  1- 3 |  4- 6 || total
---------------------------+-------+-------++-------
  Melee: Quarterstaff      |    99 |    20 ||   119
         Tailslap          |       |     2 ||     2
    Use: Scroll            |     4 |       ||     4
         Potion            |       |     1 ||     1
   Stab: Sleeping          |     1 |       ||     1
 Armour: Leather armour    |    70 |       ||    70
         Chain mail        |    10 |    64 ||    74
  Dodge: Dodged            |    56 |    18 ||    74
  Block: Other             |       |     9 ||     9

Table legend: (Time is in decaauts)
 A = Elapsed time spent in this place.
 B = Non-inter-level travel time spent in this place.
 C = Inter-level travel time spent in this place.
 D = Time resting spent in this place.
 E = Time spent auto-exploring this place.
 F = Levels seen in this place.
 G = Mean time per level.
                   A        B        C        D        E       F      G
               +--------+--------+--------+--------+--------+-----+--------+
         Total |   1385 |   1367 |     18 |    238 |    798 |   2 |  692.5 |
       Dungeon |   1385 |   1367 |     18 |    238 |    798 |   2 |  692.5 |
               +--------+--------+--------+--------+--------+-----+--------+

Top non-repeatable levels by time:
     D:1: 819 daAuts
     D:2: 565 daAuts
